 Dungeon Crawl Stone Soup version 0.22.1-1-ga44c0e5 (webtiles) character file.

4919 Yerrow the Basher (level 10, 0/88 HPs)
             Began as a Hill Orc Monk on Oct 20, 2018.
             Was a High Priest of Beogh.
             Slain by a queen ant (9 damage)
             ... on level 11 of the Dungeon.
             The game lasted 00:58:57 (10310 turns).

Yerrow the Basher (Hill Orc Monk)                  Turns: 10310, Time: 00:58:57

Health: 0/88       AC: 21    Str: 23    XL:     10   Next: 51%
Magic:  11/11      EV: 11    Int: 10    God:    Beogh [*****.]
Gold:   433        SH: 11    Dex: 13    Spells: 9/9 levels left

rFire    . . .     SeeInvis .   A - +2 flail (protect)
rCold    . . .     Gourm    .   z - +0 shield
rNeg     . . .     Faith    .   b - +2 ring mail {rPois}
rPois    +         Spirit   .   (no helmet)
rElec    .         Reflect  .   (no cloak)
rCorr    .         Harm     .   (no gloves)
MR       .....                  (no boots)
Stlth    +.........             (no amulet)
HPRegen  0.24/turn              u - +6 ring of protection
MPRegen  0.12/turn              (no ring)

@: mighty, protection aura
A: walk on water
a: Smiting, Recall Orcish Followers, Give Item to Named Follower, Renounce
Religion


You were on level 11 of the Dungeon.
You worshipped Beogh.
Beogh was extremely pleased with you.
You were very hungry.

You visited 1 branch of the dungeon, and saw 10 of its levels.
You also visited: Sewer.

You collected 433 gold pieces.

Inventory:

Hand Weapons
 A - a +2 flail of protection (weapon)
Missiles
 k - 312 stones (quivered)
 q - 2 throwing nets
Armour
 a - a +0 plate armour
 b - a +2 ring mail of poison resistance (worn)
 z - a +0 shield (worn)
Jewellery
 u - a +6 ring of protection (left hand)
Wands
 r - a wand of flame (21)
 F - a wand of scattershot (6)
Scrolls
 d - 7 scrolls of identify
 e - 4 scrolls of immolation
 f - a scroll of enchant weapon {unknown}
 h - 2 scrolls of summoning {unknown}
 i - 4 scrolls of teleportation
 j - 4 scrolls of remove curse
 m - a scroll of blinking {unknown}
 o - 3 scrolls of fear
 t - a scroll of fog {unknown}
 w - a scroll of amnesia {unknown}
 y - a scroll of enchant armour {unknown}
 C - a scroll of magic mapping
 G - a scroll of torment {unknown}
Potions
 g - 2 potions of mutation
 l - a potion of agility {unknown}
 n - 3 potions of might
 p - 8 potions of curing
 s - 2 potions of brilliance
 v - 9 potions of heal wounds
 x - a potion of flight {unknown}
 B - 2 potions of berserk rage {unknown}
 D - a potion of invisibility {unknown}
 E - a potion of haste {unknown}
 H - a potion of ambrosia {unknown}
Comestibles
 c - 20 rations
 I - 4 chunks of flesh


   Skills:
 + Level 8.1 Fighting
 + Level 11.0 Maces & Flails
 - Level 2.5 Throwing
 + Level 6.8 Armour
 + Level 3.2 Dodging
 - Level 1.5 Stealth
 + Level 6.8 Shields
 + Level 1.9 Invocations


You had 9 spell levels left.
You didn't know any spells.
Your spell library contained the following spells:

 Spells                   Type           Power        Failure   Level  Hunger
 Animate Skeleton         Necr           N/A          86%         1    ##.....
 Apportation              Tloc           #.....       86%         1    ##.....
 Confusing Touch          Hex            #.....       86%         1    ##.....
 Summon Small Mammal      Summ           #...         86%         1    ##.....
 Portal Projectile        Hex/Tloc       #.....       99%         3    ####...
 Leda's Liquefaction      Hex/Erth       #.........   100%        4    #####..
 Metabolic Englaciation   Hex/Ice        #.........   100%        5    ######.
 Discord                  Hex            #.........   100%        8    #######


Dungeon Overview and Level Annotations

Branches:
Dungeon (9/15)             Temple (0/1) D:4            Lair (0/6) D:8
    Orc: D:9-12

Altars:
Dithmenos
Elyvilon
Gozag
Kikubaaqudgha
Makhleb
Okawaru
Ru
Sif Muna
Trog
Wu Jian
Xom
Yredelemnul

Shops:
D:9 *

Annotations:
D:7 3 runed doors, Rayvis's ghost, novice BaHu


Message History

* * * LOW HITPOINT WARNING * * *
You hit the queen ant.
The queen ant is moderately wounded.
The queen ant stings you but does no damage.
You bludgeon the queen ant!!
The queen ant is severely wounded.
You block the queen ant's attack.
You sock the queen ant!
The queen ant is severely wounded.
The queen ant stings you!
* * * LOW HITPOINT WARNING * * *
You are lethally poisoned!
The queen ant poisons you!
Okay, then.
You feel better. The queen ant stings you!
* * * LOW HITPOINT WARNING * * *
You sock the queen ant!
The queen ant is severely wounded.
The queen ant stings you!
You die...

+# #.....#......
..## #.....'......
...# #o....##..##.
#.. #..o...#####.
... #......#.....
#.# ##
#o.....#.....
#.##.#
#......##+###
#aa#)# #.......# #
#(a##@####.......#
# #.a
#†#oo.........# #
...
..##oo.....o...# #
.....##
#.#..#######..
.... #....# ..#
##. .##### .. . .#
#. .


You could see a queen ant, a worker ant, a friendly orc warrior, a friendly orc
priest and 2 friendly orcs.

Vanquished Creatures
  A hornet (D:8)
  Grum (D:11)
  Eustachio (D:5)
  2 soldier ants (D:11)
  4 sky beasts
  5 ice beasts
  2 ogres
  5 centaurs
  3 wolves (D:11)
  5 bullfrogs
  2 scorpions
  A water moccasin skeleton (D:8)
  4 crimson imps
  4 howler monkeys
  2 bullfrog zombies
  A centaur skeleton (D:9)
  3 hounds
  2 jellies
  A quasit (D:7)
  3 bullfrog skeletons
  2 orc wizards
  8 worker ants
  2 hound skeletons (D:5)
  A howler monkey skeleton (D:3)
  3 gnolls (D:4)
  14 adders
  4 river rats (Sewer)
  4 shadow imps
  3 oozes
  2 adder zombies
  An adder skeleton (D:6)
  3 worms
  2 dart slugs
  7 leopard geckos
  13 orcs
  3 ball pythons (Sewer)
  6 giant cockroaches
  6 hobgoblins
  5 jackals
  21 kobolds
  5 quokkas
  A ball python skeleton (D:6)
  7 bats
  4 frilled lizards
  10 goblins
  A quokka skeleton (D:6)
  27 rats
217 creatures vanquished.

Vanquished Creatures (collateral kills)
  A komodo dragon (D:11)
  2 hungry ghosts
  Edmund (D:5)
  A soldier ant (D:11)
  An orc warrior (D:11)
  A phantom (D:9)
  A crocodile (D:9)
  A scorpion (D:9)
  A bullfrog zombie (D:5)
  2 crimson imps
  A hound (D:8)
  2 jellies (D:9)
  5 worker ants
  4 adders
  3 oozes (D:9)
  4 orcs
  A ball python (D:7)
32 creatures vanquished.

Vanquished Creatures (others)
  3 orc warriors
  An orc priest (D:4)
  An orc wizard (D:4)
  An adder (D:4)
  6 orcs
12 creatures vanquished.

Grand Total: 261 creatures vanquished

Notes
Turn   | Place    | Note
-------+----------+-------------------------------------------
     0 | D:1      | Yerrow the Hill Orc Monk began the quest for the Orb.
     0 | D:1      | Reached XP level 1. HP: 19/19 MP: 1/1
   297 | D:1      | Reached XP level 2. HP: 26/27 MP: 2/2
  1042 | D:1      | Reached XP level 3. HP: 12/33 MP: 3/3
  1882 | D:2      | Reached skill level 1 in Armour
  1950 | D:2      | Found a white marble altar of Elyvilon.
  2149 | D:2      | Reached XP level 4. HP: 38/41 MP: 4/4
  2647 | D:2      | Found a deep blue altar of Sif Muna.
  2763 | D:2      | Reached skill level 4 in Maces & Flails
  3486 | D:3      | Reached XP level 5. HP: 45/47 MP: 5/5
  3678 | D:3      | Found an opulent altar of Gozag.
  3994 | D:3      | Reached skill level 5 in Maces & Flails
  4364 | D:4      | Reached skill level 1 in Throwing
  4369 | D:4      | Found a staircase to the Ecumenical Temple.
  4511 | D:4      | Became a worshipper of Beogh the Brigand
  4511 | D:4      | Reached * piety under Beogh
  4511 | D:4      | Reached ** piety under Beogh
  4526 | D:4      | Found a glowing drain.
  4544 | D:4      | Reached XP level 6. HP: 20/53 MP: 6/6
  4633 | Sewer    | Entered a sewer
  4901 | Sewer    | Reached skill level 1 in Shields
  5479 | Sewer    | Reached *** piety under Beogh
  6032 | D:4      | Reached XP level 7. HP: 54/60 MP: 7/7
  6043 | D:4      | Reached skill level 6 in Maces & Flails
  6271 | D:5      | Entered Level 5 of the Dungeon
  6271 | D:5      | Noticed Edmund
  6298 | D:5      | Killed Edmund
  6483 | D:5      | Reached skill level 5 in Fighting
  6619 | D:5      | Reached XP level 8. HP: 68/68 MP: 8/8
  6646 | D:5      | Reached skill level 7 in Maces & Flails
  6755 | D:5      | Noticed Eustachio
  6779 | D:5      | Killed Eustachio
  7199 | D:5      | Reached skill level 8 in Maces & Flails
  7558 | D:6      | Reached **** piety under Beogh
  7558 | D:6      | Reached skill level 5 in Armour
  7558 | D:6      | Reached XP level 9. HP: 75/75 MP: 9/9
  7879 | D:6      | Found a bloodstained altar of Trog.
  7912 | D:6      | Reached skill level 5 in Shields
  8106 | D:7      | Identified the Almanac of Enthralling Stones
  8167 | D:7      | Paralysed by fainting for 9 turns
  8167 | D:7      | Reached skill level 9 in Maces & Flails
  8510 | D:7      | Found a runed gate.
  8510 | D:7      | Found a runed gate.
  8510 | D:7      | Found a runed gate.
  8513 | D:7      | Noticed Rayvis's ghost (novice BaHu)
  8666 | D:8      | Reached skill level 1 in Invocations
  8895 | D:8      | Noticed a hornet
  8914 | D:8      | Killed a hornet
  9329 | D:8      | Found a staircase to the Lair.
  9498 | D:8      | Reached skill level 10 in Maces & Flails
  9520 | D:8      | Found an ornate altar of the Wu Jian Council.
  9535 | D:8      | Found a basalt altar of Yredelemnul.
  9544 | D:8      | Found a sacrificial altar of Ru.
  9551 | D:8      | Found a shimmering altar of Xom.
  9563 | D:8      | Found an iron altar of Okawaru.
  9567 | D:8      | Gained Bogfrid as an ally
  9567 | D:8      | Reached XP level 10. HP: 86/86 MP: 11/11
  9580 | D:8      | Found a shadowy altar of Dithmenos.
  9596 | D:8      | Found an ancient bone altar of Kikubaaqudgha.
  9744 | D:9      | Reached ***** piety under Beogh
  9833 | D:9      | Found Ficubed's Elemental Accessories.
  9907 | D:9      | Found a burning altar of Makhleb.
  9945 | D:9      | You fall through a shaft for 2 floors!
 10180 | D:11     | Noticed Grum
 10197 | D:11     | Killed Grum
 10263 | D:11     | Noticed a queen ant
 10295 | D:11     | Your ally Bogfrid died
 10298 | D:11     | Reached skill level 11 in Maces & Flails
 10310 | D:11     | Slain by a queen ant

Skill      XL: |  1  2  3  4  5  6  7  8  9 10 |
---------------+-------------------------------+-----
Fighting       | 4 5 6 7 8 |  8.1
Armour         | 1 2 3 5 6 |  6.8
Maces & Flails | 4 5 6 8 10 11 | 11.0
Throwing       | 1 2 |  2.5
Shields        | 2 3 4 5 6 |  6.8
Invocations    | 1 |  1.9
Dodging        | 3 |  3.2
Stealth        | |  1.5

Action                   |  1- 3 |  4- 6 |  7- 9 | 10-12 || total
-------------------------+-------+-------+-------+-------++-------
Melee: Mace              |   144 |   458 |    36 |       ||   638
       Flail             |       |       |   394 |   140 ||   534
Throw: Stone             |    24 |    88 |    85 |    11 ||   208
Invok: Convert to Beogh  |       |     1 |       |       ||     1
       Recall Orcish Fol |       |       |     6 |     3 ||     9
       Give Item to Name |       |       |       |     1 ||     1
  Use: Scroll            |     3 |     4 |     6 |       ||    13
       Potion            |       |     1 |       |     2 ||     3
 Stab: Sleeping          |     1 |       |       |       ||     1
       Distracted        |       |       |     1 |       ||     1
  Eat: Chunk             |     4 |    13 |    13 |       ||    30
       Ration            |       |       |       |     1 ||     1
Armor: Robe              |     1 |       |       |       ||     1
       Plate armour      |   157 |   368 |   220 |       ||   745
       Ring mail         |       |       |     2 |    68 ||    70
Dodge: Dodged            |    34 |   119 |    63 |    34 ||   250
Block: Buckler           |    21 |   107 |       |       ||   128
       Shield            |       |     3 |   164 |    72 ||   239
